 Dungeon Crawl Stone Soup version 0.19.0-18-g426998a (webtiles) character file.

8591 Monsterracer the Severer (level 11, 0/97 HPs)
             Began as a Minotaur Berserker on Nov 12, 2016.
             Was a High Priest of Trog.
             Slain by a seven-headed hydra (3 damage)
             ... on level 10 of the Dungeon.
             The game lasted 00:23:10 (8258 turns).

Monsterracer the Severer (Minotaur Berserker)       Turns: 8258, Time: 00:23:11

Health: 0/97       AC: 15    Str: 18    XL:     11   Next: 11%
Magic:  3/3        EV:  7    Int:  4    God:    Trog [*****.]
Gold:   485        SH:  0    Dex: 13    Spells: 0 memorised, 10 levels left

rFire  . . .     SeeInvis .     u - +6 executioner's axe (antimagic)
rCold  . . .     Gourm    .     t - +0 plate armour
rNeg   + . .     Faith    .     (shield currently unavailable)
rPois  .         Spirit   .     (helmet restricted)
rElec  +         Reflect  .     (no cloak)
rCorr  .         Harm     .     b - +0 pair of gloves
MR     .....                    (no boots)
Stlth  ..........               x - amulet of Nuomebi {rElec rN+ Regen+ Str-4}
                                (no ring)
                                (no ring)

@: exhausted, hasted and slowed
A: retaliatory headbutt, horns 2
a: Berserk, Trog's Hand, Brothers in Arms, Burn Spellbooks, Renounce Religion


You were on level 10 of the Dungeon.
You worshipped Trog.
Trog was extremely pleased with you.
You were not hungry.

You visited 1 branch of the dungeon, and saw 10 of its levels.

You collected 485 gold pieces.

Inventory:

Hand Weapons
 g - a +0 battleaxe
 u - a +6 antimagic executioner's axe (weapon)
Armour
 b - a +0 pair of gloves (worn)
 s - a +2 ring mail of cold resistance
 t - a +0 plate armour (worn)
Jewellery
 p - an uncursed ring of teleportation
 x - an amulet of Nuomebi (around neck) {rElec rN+ Regen+ Str-4}
   (You acquired it on level 10 of the Dungeon)

   [amulet of regeneration]

   It affects your strength (-4).
   It insulates you from electricity.
   It protects you from negative energy.
   It increases your rate of regeneration.
Wands
 n - a wand of digging (12/24)
Scrolls
 a - 2 scrolls of enchant weapon
 d - 2 scrolls of fear
 e - 6 scrolls of magic mapping
 h - a scroll of blinking
 i - 2 scrolls of remove curse
 m - 8 scrolls of identify
 v - a scroll of enchant armour
Potions
 j - a potion of haste
 k - 3 potions of cure mutation
 l - a potion of curing
 w - a potion of brilliance
Comestibles
 c - 12 bread rations
 f - 7 fruits
 o - a slice of pizza
 q - 3 meat rations
 r - 3 chunks of flesh


   Skills:
 + Level 9.6 Fighting
 * Level 15.9 Axes
 + Level 8.9 Armour
 - Level 2.1 Dodging


You had 10 spell levels left.
You didn't know any spells.

Dungeon Overview and Level Annotations

Branches:
Dungeon (10/15)            Temple (0/1) D:4            Lair (0/6) D:8
    Orc: D:9-12

Altars:
Cheibriados
Dithmenos
Qazlal

Shops:
D:5 *


Innate Abilities, Weirdness & Mutations

You reflexively headbutt those who attack you in melee.
You have a pair of horns on your head.


Message History

This raw flesh tastes terrible.
You start resting.
You feel yourself speed up.
The seven-headed hydra barely misses you.
The seven-headed hydra bites you.
* * * LOW HITPOINT WARNING * * *
The seven-headed hydra bites you but does no damage.
The seven-headed hydra bites you.
* * * LOW HITPOINT WARNING * * *
The seven-headed hydra bites you but does no damage. x3
The seven-headed hydra bites you.
* * * LOW HITPOINT WARNING * * *
The seven-headed hydra bites you but does no damage.
The seven-headed hydra bites you!
* * * LOW HITPOINT WARNING * * *
The seven-headed hydra bites you!
* * * LOW HITPOINT WARNING * * *
The seven-headed hydra closely misses you.
The seven-headed hydra bites you.
You die...

#. .....#......## ...
.(..##......## #.#
#.#..##.#....## #. ...
##.##.†).##....## ..#
#.##...##)#..##....# ...
#...))))(.##.......#
#.##..#...)(#..##.#....###
... ##.D.).##....##......
#.##..#@#.(##.#..##....#
##....##.##....##....####
.##....##...##....##...#
....?...................#
..##!...##.).##....##...#
##....##.## ..##.... #.##.
#.# .#..# ... #.... ..
#.## .....


You could see a seven-headed hydra.

Vanquished Creatures
  Erica (D:9)
  The ghost of slayr the Grappler, a novice TrMo of Hepliaklqana (D:9)
  3 hill giants (D:10)
  The ghost of dracos369 the Twirler, a novice DrWz of Makhleb (D:7)
  Maurice (D:10)
  A two-headed ogre (D:9)
  A troll (D:10)
  Grinder (D:5)
  A spriggan (D:7)
  Sigmund (D:5)
  Grum (D:8)
  The ghost of dracos369 the Conjurer, an amateur DrWz (D:3)
  The ghost of Monsterracer the Scratcher, an amateur FeAK of Lugonu (D:5)
  A black bear (D:8)
  An ice beast (D:6)
  5 ogres
  6 orc warriors
  A centaur (D:9)
  3 wolves (D:8)
  A big kobold (D:10)
  8 bullfrogs
  A wyvern skeleton (D:10)
  A scorpion (D:5)
  5 wights (D:9)
  3 howler monkeys
  4 crimson imps
  A quasit (D:6)
  3 hounds
  7 orc priests
  15 orc wizards
  2 bullfrog skeletons
  Natasha (D:3)
  6 worker ants
  A killer bee zombie (D:10)
  A hound skeleton (D:6)
  15 gnolls
  4 adders
  4 adder skeletons
  A worm (D:4)
  5 leopard geckos
  29 orcs
  6 bats
  8 giant cockroaches
  7 goblins
  8 hobgoblins
  4 jackals (D:9)
  5 quokkas
  2 ball pythons
  6 frilled lizards
  13 kobolds
  A leopard gecko skeleton (D:6)
  A quokka zombie (D:9)
  7 rats
218 creatures vanquished.

Vanquished Creatures (collateral kills)
  An orc priest (D:9)
1 creature vanquished.

Grand Total: 219 creatures vanquished

Notes
Turn   | Place    | Note
-------+----------+-------------------------------------------
     0 | D:1      | Monsterracer the Minotaur Berserker began the quest for the Orb.
     0 | D:1      | Reached XP level 1. HP: 19/19 MP: 0/0
    49 | D:1      | Reached skill level 4 in Axes
    99 | D:1      | Reached XP level 2. HP: 22/26 MP: 1/1
   608 | D:1      | Reached skill level 5 in Axes
   626 | D:1      | Reached ** piety under Trog
   637 | D:1      | Reached XP level 3. HP: 21/31 MP: 2/2
   949 | D:2      | Found a shadowy altar of Dithmenos.
  1469 | D:3      | Reached skill level 6 in Axes
  1469 | D:3      | Reached XP level 4. HP: 21/39 MP: 3/3
  1820 | D:3      | Noticed dracos369's ghost (amateur DrWz)
  1837 | D:3      | Killed dracos369's ghost
  1837 | D:3      | Reached skill level 7 in Axes
  1837 | D:3      | Reached XP level 5. HP: 32/45 MP: 4/4
  2152 | D:3      | Noticed Natasha
  2157 | D:3      | Killed Natasha
  2157 | D:3      | Reached skill level 8 in Axes
  2330 | D:3      | Reached XP level 6. HP: 48/51 MP: 5/5
  2491 | D:4      | Reached *** piety under Trog
  2676 | D:4      | Reached skill level 9 in Axes
  2872 | D:4      | Found a snail-covered altar of Cheibriados.
  2988 | D:4      | Found a staircase to the Ecumenical Temple.
  3111 | D:5      | Entered Level 5 of the Dungeon
  3111 | D:5      | Noticed Monsterracer's ghost (amateur FeAK)
  3129 | D:5      | Killed Monsterracer's ghost
  3129 | D:5      | Reached XP level 7. HP: 31/57 MP: 6/6
  3344 | D:5      | Noticed Sigmund
  3347 | D:5      | Reached skill level 10 in Axes
  3357 | D:5      | Killed Sigmund
  3522 | D:5      | Reached skill level 11 in Axes
  3822 | D:5      | Found Cewaxije's General Store.
  3835 | D:5      | Reached XP level 8. HP: 64/64 MP: 7/7
  3874 | D:5      | HP: 3/64 [poisoned by a worker ant]
  3881 | D:5      | HP: 3/64 [poisoned by a worker ant]
  3891 | D:5      | HP: 3/96 [poisoned by a worker ant]
  4085 | D:5      | Found a stormy altar of Qazlal.
  4095 | D:5      | Noticed Grinder
  4109 | D:5      | Killed Grinder
  4109 | D:5      | Reached skill level 12 in Axes
  4538 | D:6      | Reached **** piety under Trog
  4639 | D:6      | Reached skill level 5 in Fighting
  4933 | D:6      | Reached XP level 9. HP: 64/74 MP: 8/8
  5419 | D:6      | Reached skill level 13 in Axes
  5572 | D:7      | Noticed dracos369's ghost (novice DrWz)
  5597 | D:7      | Killed dracos369's ghost
  5597 | D:7      | Reached skill level 5 in Armour
  5905 | D:7      | Reached ***** piety under Trog
  6271 | D:8      | Noticed Grum
  6284 | D:8      | Killed Grum
  6284 | D:8      | Reached skill level 14 in Axes
  6583 | D:8      | Found a staircase to the Lair.
  7049 | D:9      | Reached XP level 10. HP: 86/86 MP: 9/9
  7232 | D:9      | Noticed Erica
  7245 | D:9      | Killed Erica
  7708 | D:9      | Noticed slayr's ghost (novice TrMo)
  7718 | D:9      | Killed slayr's ghost
  7718 | D:9      | Reached skill level 15 in Axes
  7910 | D:9      | Received a gift from Trog
  7984 | D:10     | Entered Level 10 of the Dungeon
  8024 | D:10     | Noticed Maurice
  8053 | D:10     | Killed Maurice
  8116 | D:10     | Noticed a hill giant
  8120 | D:10     | Killed a hill giant
  8178 | D:10     | Identified a scroll of acquirement
  8179 | D:10     | Got a clouded jade amulet
  8180 | D:10     | Identified an amulet of Nuomebi {rElec rN+ Regen+ Str-4} (You acquired it on level 10 of the Dungeon)
  8201 | D:10     | Noticed a hill giant
  8206 | D:10     | Killed a hill giant
  8206 | D:10     | Reached XP level 11. HP: 53/97 MP: 3/10
  8212 | D:10     | Noticed a hill giant
  8238 | D:10     | Noticed a seven-headed hydra
  8247 | D:10     | Killed a hill giant
  8258 | D:10     | HP: 3/97 [seven-headed hydra (7)]
  8258 | D:10     | Slain by a seven-headed hydra

Skill      XL: |  1  2  3  4  5  6  7  8  9 10 |
---------------+-------------------------------+-----
Axes           | 4 5 6 7 8 9 11 12 14 15 | 15.9
Fighting       | 5 7 9 |  9.6
Armour         | 4 6 8 |  8.9
Dodging        | |  2.1

Action                   |  1- 3 |  4- 6 |  7- 9 | 10-12 || total
-------------------------+-------+-------+-------+-------++-------
Melee: Hand axe          |    91 |    89 |    68 |       ||   248
       Headbutt          |    11 |    19 |    47 |    27 ||   104
       War axe           |       |       |   137 |       ||   137
       Battleaxe         |       |       |    47 |    77 ||   124
       Executioner's axe |       |       |       |    72 ||    72
Invok: Berserk           |       |     4 |    10 |     5 ||    19
       Burn Spellbooks   |       |     1 |     2 |     1 ||     4
  Use: Potion            |     4 |     2 |     4 |     3 ||    13
       Scroll            |       |       |    16 |     2 ||    18
  Eat: Chunk             |     2 |     8 |    22 |    10 ||    42
Armor: Animal skin       |    11 |       |       |       ||    11
       Chain mail        |    11 |    35 |    20 |       ||    66
       Ring mail         |       |       |    56 |       ||    56
       Plate armour      |       |       |    15 |    98 ||   113
Dodge: Dodged            |    65 |    25 |   102 |    41 ||   233
